 Dungeon Crawl Stone Soup version 0.30-a0-1103-g25895a7845 (webtiles) character file.

Game seed: 9904188546457702667

360 BlueFish the Sneak (level 6, -6/41 HPs)
             Began as an Octopode Warper on Apr 18, 2023.
             Was an Initiate of Cheibriados.
             Killed from afar by Pikel (17 damage)
             ... with an iceblast
             ... on level 4 of the Dungeon.
             The game lasted 00:05:56 (3099 turns).

BlueFish the Sneak (Octopode Warper)                Turns: 3099, Time: 00:05:56

Health: -6/41      AC:  1    Str: 14    XL:     6   Next: 65%
Magic:  8/10       EV: 13    Int: 16    God:    Cheibriados [......]
Gold:   205        SH:  0    Dex: 12    Spells: 3/10 levels left

rFire   . . .      SeeInvis .    a - +0 flail
rCold   . . .      Faith    .    (no shield)
rNeg    . . .      Spirit   .    (helmet restricted)
rPois   .          Reflect  .    (no amulet)
rElec   .          Rampage  .    (no ring)
rCorr   .                        (no ring)
Will    .....                    (no ring)
Stlth   ++++                     (no ring)
HPRegen 0.26/turn                (no ring)
MPRegen 0.12/turn                (no ring)
                                 (no ring)
                                 (no ring)

@: very slow
A: almost no armour, amphibious, 8 rings, camouflage 1, gelatinous body 1,
(nimble swimmer 1), tentacles
a: Renounce Religion


You were on level 4 of the Dungeon.
You worshipped Cheibriados.
Cheibriados was noncommittal.
You visited 2 branches of the dungeon, and saw 5 of its levels.

You collected 205 gold pieces.

Inventory:

Hand Weapons
 a - a +0 flail (weapon)
 b - a +0 sling
 u - a +0 mace
Missiles
 c - 5 boomerangs of dispersal
 e - 24 stones (quivered)
 t - 4 throwing nets
 w - 3 atropa-tipped darts
Jewellery
 o - an amulet of guardian spirit
Scrolls
 d - 4 scrolls of identify {unknown}
 g - a scroll of poison {unknown}
 h - a scroll of enchant weapon {unknown}
 i - 3 scrolls of enchant armour {unknown}
 k - a scroll of butterflies {unknown}
 n - 2 scrolls of amnesia {unknown}
 r - a scroll of silence {unknown}
 x - a scroll of fear {unknown}
 y - a scroll of fog {unknown}
Potions
 f - 2 potions of degeneration {unknown}
 j - a potion of brilliance {unknown}
 m - 5 potions of curing {unknown}
 p - 2 potions of invisibility {unknown}
 q - a potion of magic {unknown}
 s - a potion of might {unknown}
 v - a potion of haste {unknown}


   Skills:
 + Level 2.8 Fighting
 + Level 2.9 Maces & Flails
 + Level 1.5 Ranged Weapons
 + Level 2.2 Throwing
 + Level 3.1 Dodging
 * Level 4.3 Stealth
 + Level 2.9 Spellcasting
 + Level 3.6 Translocations


You had 3 spell levels left.
You knew the following spells:

 Your Spells              Type           Power      Damage    Failure   Level
a - Blink                 Tloc           26%        N/A       6%          2
b - Lesser Beckoning      Tloc           26%        N/A       6%          2
c - Teleport Other        Tloc           13%        N/A       13%         3

Your spell library contained the following spells:

 Spells                   Type           Power      Damage    Failure   Level
 Summon Small Mammal      Summ           8%         N/A       19%         1
 Vhi's Electric Charge    Tloc/Air       16%        N/A       26%         3
 Call Canine Familiar     Summ           2%         N/A       50%         3
 Summon Guardian Golem    Hex/Summ       2%         N/A       50%         3
 Manifold Assault         Tloc           13%        N/A       38%         4


Dungeon Overview and Level Annotations

Branches:
Dungeon (4/15)             Temple (1/1) D:4

Altars:
Ashenzari
Cheibriados
Elyvilon
Fedhas
Gozag
Hepliaklqana
Kikubaaqudgha
Makhleb
Nemelex Xobeh
Ru
Uskayaw
Wu Jian
Yredelemnul
Zin
The Shining One

Annotations:
D:1 1 transporter
D:4 Pikel


Innate Abilities, Weirdness & Mutations

You cannot wear most types of armour.
You are amphibious.
You can wear up to eight rings at the same time.
Your skin changes colour to match your surroundings (Stealth+).
Your rubbery body absorbs attacks. (AC +1, EV +1)
((You are camouflaged when in or above water. (Stealth+)))
You have tentacles for arms and can constrict up to eight enemies at once.


Message History

You sock Pikel! Your squeeze misses Pikel.
Pikel is moderately wounded.
You constrict Pikel.
Pikel hits you with a +0 whip of flaming!
Pikel burns you.
Pikel hits you with a +0 whip of flaming.
Pikel burns you.
You sock Pikel!
Pikel is severely wounded.
You constrict Pikel.
Pikel hits you with a +0 whip of flaming!
* * * LOW HITPOINT WARNING * * *
Pikel burns you.
* * * LOW HITPOINT WARNING * * *
Casting: Lesser Beckoning (safe; 6% risk of failure)
Confirm with . or Enter, or press ? or * to list all spells.
You blink.
You lose your grip on Pikel.
The lemure misses you.
Blink to where?
Press: ? - help, Dir - move target, p - Pikel
As you read the scroll of blinking, it crumbles to dust.
Throw: 4 darts (atropa)
Press: ? - help, Shift-Dir - straight line, f - Pikel
Aim: Pikel, wielding a +0 whip of flaming, wearing a +0 robe and carrying a wand of iceblast (10) (severely wounded, 51% to hit, chance to blind on hit: 51%)
You throw an atropa-tipped dart.
The atropa-tipped dart closely misses Pikel.
Okay, then.
Throw: 7 boomerangs (disperse)
Press: ? - help, Shift-Dir - straight line, f/p - Pikel
Aim: Pikel, wielding a +0 whip of flaming, wearing a +0 robe and carrying a wand of iceblast (10) (severely wounded, 51% to hit)
You throw a boomerang of dispersal.
The boomerang of dispersal hits Pikel and shatters, but does no damage.
Pikel is severely wounded.
Throw: 6 boomerangs (disperse)
Press: ? - help, Shift-Dir - straight line, f/p - Pikel
Aim: Pikel, wielding a +0 whip of flaming, wearing a +0 robe and carrying a wand of iceblast (10) (severely wounded, 51% to hit)
You throw a boomerang of dispersal.
The boomerang of dispersal closely misses Pikel.
You feel stable enough to blink again.
Pikel zaps a wand.
The mass of ice explodes!
The iceblast engulfs you!
You die...

............#####.......≈..≈.....
#....######.....#................
#.##.# #####.#................
..##.# #.##...............
.###.##########..##..............
# #..........#...##............#
###........##...##.....†....##
##....K..##....##........##.
#§.(..5...@....####''####..
#....5..#..###.....).......
##.........## #########.....
##.........## #.....#.##
#...#>####.#### #.#####.##
#.#......#....######<# ##.##
#..##..#...##........# #....
##..##..######†####### ##.#..
#...###..####..# #######..#..


You could see Pikel and 2 lemures.

Vanquished Creatures
  A lemure (D:4)
  A scorpion (D:4)
  3 hounds (D:4)
  An iguana (D:4)
  4 gnolls
  7 adders
  7 worms
  A dart slug (D:1)
  4 bats
  4 endoplasms
  6 giant cockroaches
  7 goblins
  4 hobgoblins
  4 jackals (D:4)
  2 kobolds
  A quokka (D:4)
  6 ball pythons
  2 frilled lizards
  10 rats
75 creatures vanquished.

Notes
Turn   | Place    | Note
-------+----------+-------------------------------------------
     0 | D:1      | BlueFish the Octopode Warper began the quest for the Orb.
     0 | D:1      | Reached XP level 1. HP: 14/14 MP: 3/3
    59 | D:1      | Reached skill level 1 in Stealth
    74 | D:1      | Reached XP level 2. HP: 19/19 MP: 5/5
   511 | D:2      | Reached skill level 2 in Stealth
   511 | D:2      | Reached XP level 3. HP: 24/24 MP: 6/6
   545 | D:2      | Learned a level 2 spell: Blink
   548 | D:2      | Learned a level 2 spell: Lesser Beckoning
   745 | D:2      | Reached XP level 4. HP: 29/29 MP: 7/7
   750 | D:2      | Learned a level 3 spell: Teleport Other
  1229 | D:1      | Reached skill level 3 in Stealth
  1342 | D:2      | Reached XP level 5. HP: 35/35 MP: 8/8
  2282 | D:3      | Found a burning altar of Makhleb.
  2487 | D:4      | Reached skill level 1 in Ranged Weapons
  2571 | D:4      | Found a staircase to the Ecumenical Temple.
  2588 | Temple   | Entered the Ecumenical Temple
  2613 | Temple   | Became a worshipper of Cheibriados the Contemplative
  2654 | D:4      | Noticed a lemure
  2667 | D:4      | Killed a lemure
  2677 | D:4      | Reached skill level 4 in Stealth
  2677 | D:4      | Reached XP level 6. HP: 41/41 MP: 10/10
  2783 | D:4      | Found a hide-covered altar of Uskayaw.
  3076 | D:4      | Noticed Pikel
  3099 | D:4      | Killed from afar by Pikel

Illustrated notes

Levels and vault maps discovered:
D:1:      spicycebolla_arrival_risky_transporter, layout_rooms,
          minmay_tree_intersection
D:2:      layout_loops_corners, serial_rivers, chequers_serial_rivers_large_b,
          chequers_serial_rivers_small_a, chequers_serial_rivers_marsh,
          chequers_serial_rivers_room_b, chequers_serial_rivers_micro_a,
          nicolae_wormholes
D:3:      layout_loops_ring, marbit_many_paths
D:4:      kennysheep_big_flooded_room, layout_rooms,
          mainiacjoe_overflow_concentric_impassable, minmay_temple_entry_wispy,
          st_stairs_12, skrybe_limestone_x, uniq_pikel
Temple:   nicolae_temple_god_jail

Skill      XL: |  1  2  3  4  5 |
---------------+----------------+-----
Stealth        | 1 2 3 4 |  4.3
Ranged Weapons | 1 |  1.5
Throwing       | 2 |  2.2
Dodging        | 3 |  3.1
Fighting       | |  2.8
Maces & Flails | |  2.9
Spellcasting   | |  2.9
Translocations | |  3.6

Action                     |  1- 3 |  4- 6 || total
---------------------------+-------+-------++-------
  Melee: Mace              |    40 |    14 ||    54
         Constrict         |     8 |    19 ||    27
         Tentacles         |    10 |    18 ||    28
         Flail             |       |    49 ||    49
   Fire: Sling             |    27 |   112 ||   139
  Throw: Boomerang         |       |     2 ||     2
         Dart              |       |     1 ||     1
   Cast: Lesser Beckoning  |       |     2 ||     2
         Blink             |       |     1 ||     1
    Use: Scroll            |       |     1 ||     1
   Stab: Sleeping          |     4 |       ||     4
 Armour: Skin              |     5 |     6 ||    11
  Dodge: Dodged            |    25 |    37 ||    62

Table legend: (Time is in decaauts)
 A = Elapsed time spent in this place.
 B = Non-inter-level travel time spent in this place.
 C = Inter-level travel time spent in this place.
 D = Time resting spent in this place.
 E = Time spent auto-exploring this place.
 F = Levels seen in this place.
 G = Mean time per level.
                   A        B        C        D        E       F      G
               +--------+--------+--------+--------+--------+-----+--------+
         Total |   3241 |   3184 |     57 |     14 |   2483 |   5 |  648.2 |
       Dungeon |   3169 |   3129 |     40 |     14 |   2444 |   4 |  792.2 |
        Temple |     72 |     56 |     16 |      0 |     38 |   1 |   72.0 |
               +--------+--------+--------+--------+--------+-----+--------+

Top non-repeatable levels by time:
     D:2: 1260 daAuts
     D:3: 696 daAuts
     D:4: 683 daAuts
     D:1: 528 daAuts
  Temple: 72 daAuts
